 Dungeon Crawl Stone Soup version 0.31.0-11-ge490571c62 (webtiles) character file.

Game seed: 14274133052130758156

637714 protoss039 the Slayer (level 27, -16/175 (233) HPs)
             Began as a Demonspawn Earth Elementalist on Jan 28, 2024.
             Was the Champion of Vehumet.
             Killed from afar by a Brimstone Fiend (43 damage)
             ... with damnation
             ... on level 4 of Gehenna on Jan 30, 2024.
             The game lasted 07:10:14 (118372 turns).

protoss039 the Slayer (DsEE)                      Turns: 118372, Time: 07:10:15

HP:   -16/175 (233) AC: 30    Str:  6 (11) XL:     27
MP:   26/48         EV:  6    Int: 28 (34) God:    Vehumet [******]
Gold: 5279          SH: 21    Dex:  2 (12) Spells: 5/68 levels left

rFire   + + +        R - +9 falchion "Juneir" {drain, Fly rCorr Dex-3 SInv}
rCold   . . .        O - +5 kite shield {rF+}
rNeg    + + +        r - +0 fire dragon scales
rPois   +            q - +0 hat of Sif Muna, Bashing {Will++ Slay-3}
rElec   +            P - scarf {rC+ rF+}
rCorr   +            p - +2 pair of gloves
SInv    +            (boots unavailable)
Will    +++++        J - amulet of Peizil {Reflect rPois rF- rN+++ Dex-3 SH+5} Stlth
                     X - ring "Fesa" {Fly rElec rN+ Str+5 Dex+3}
HPRegen 0.49/turn    g - ring of a Hundred Healing Seas {Will+ Int+7}
MPRegen 0.31/turn

%: reflection
@: sanguine armoured, flying, studying Evocations, heavily drained, unable to
read
A: hooves 3, foul stench 3, powered by death 3, sanguine armour 3, corrupting
presence 2, word of chaos, mutation resistance 1, weak 2
}: 3/15 runes: decaying, serpentine, silver
a: Word of Chaos, Renounce Religion


You were on level 4 of Gehenna.
You worshipped Vehumet.
Vehumet was exalted by your worship.
You visited 14 branches of the dungeon, and saw 58 of its levels.
You also visited: Trove and Ossuary.

You collected 9135 gold pieces.
You spent 3856 gold pieces at shops.

Inventory:

Hand Weapons
 R - the +9 falchion "Juneir" (weapon) {drain, Fly rCorr Dex-3 SInv}
   (You found it on level 3 of the Elven Halls)

   Dex-3:     It affects your dexterity (-3).
   SInv:      It lets you see invisible.
   Fly:       It grants you flight.
   rCorr:     It protects you from acid and corrosion.
Missiles
 l - 2 throwing nets
 W - 20 silver javelins (quivered)
Armour
 e - the +4 dragonskin cloak
   (You took it off Tiamat on level 2 of the Realm of Zot)

   Avatar's Aegis: It grants the wearer a chance to resist fire, cold, poison,
   electricity, acid, and negative energy.
 p - a +2 pair of gloves (worn)
 q - the +0 hat of Sif Muna, Bashing (worn) {Will++ Slay-3}
   (You found it on level 2 of the Dungeon)

   Slay-3:    It affects your accuracy & damage with ranged weapons and melee
   (-3).
   Will++:    It greatly increases your willpower.
 r - +0 fire dragon scales (worn)
 y - the +4 scale mail "Unwyobaf" {rF+ Int+2 SInv}
   (You found it on level 4 of the Swamp)

   Int+2:     It affects your intelligence (+2).
   rF+:       It protects you from fire.
   SInv:      It lets you see invisible.
 E - a +0 helmet of intelligence
 O - a +5 kite shield of fire resistance (worn)
 P - a scarf of resistance (worn)
 Q - a +5 kite shield of reflection
Jewellery
 c - the ring of Anarchy {rN+ rCorr Str+4 Int+2}
   (You took it off a vault sentinel on level 5 of the Vaults)

   [ring of positive energy]

   Str+4:     It affects your strength (+4).
   Int+2:     It affects your intelligence (+2).
   rN+:       It protects you from negative energy.
   rCorr:     It protects you from acid and corrosion.
 g - the ring of a Hundred Healing Seas (right hand) {Will+ Int+7}
   (You found it on level 8 of the Dungeon)

   [ring of willpower]

   Int+7:     It affects your intelligence (+7).
   Will+:     It increases your willpower.
 s - a ring of protection from fire
 F - the ring "Efigaav" {rElec MP+9 SInv}
   (You found it in a treasure trove)

   [ring of see invisible]

   rElec:     It insulates you from electricity.
   MP+9:      It affects your magic capacity (+9).
   SInv:      It lets you see invisible.
 G - the amulet "Jeparuol" {Rampage Fly Regen+ rCorr Str-4}
   (You found it in a treasure trove)

   [amulet of regeneration]

   Str-4:     It affects your strength (-4).
   Fly:       It grants you flight.
   Regen+:    It increases your rate of health regeneration.
   rCorr:     It protects you from acid and corrosion.
   Rampage:   It bestows one free step when moving towards enemies.
 J - the amulet of Peizil (around neck) {Reflect rPois rF- rN+++ Dex-3 SH+5}
   (You found it on level 3 of the Elven Halls)

   [amulet of reflection]

   Reflect:   It reflects blocked missile attacks.
   Dex-3:     It affects your dexterity (-3).
   rF-:       It makes you vulnerable to fire.
   rPois:     It protects you from poison rN+++: It renders you almost immune to
   negative energy.
   SH+5:      It affects your SH (+5).
 N - the ring "Dewaicu" {Wiz SInv}
   (You found it in a treasure trove)

   [ring of wizardry]

   Wiz:       It improves your spell success rate.
   SInv:      It lets you see invisible.
 T - the amulet "Bodirak" {rF- Regen+ rCorr Str+3}
   (You found it on level 3 of the Elven Halls)

   [amulet of regeneration]

   Str+3:     It affects your strength (+3).
   rF-:       It makes you vulnerable to fire.
   Regen+:    It increases your rate of health regeneration.
   rCorr:     It protects you from acid and corrosion.
 V - a ring of protection from cold
 X - the ring "Fesa" (left hand) {Fly rElec rN+ Str+5 Dex+3}
   (You bought it in a shop on level 2 of the Orcish Mines)

   [ring of flight]

   Str+5:     It affects your strength (+5).
   Dex+3:     It affects your dexterity (+3).
   rElec:     It insulates you from electricity.
   rN+:       It protects you from negative energy.
   Fly:       It grants you flight.
Talismans
 Y - a granite talisman
Wands
 D - a wand of iceblast (7)
 L - a wand of acid (1)
 S - a wand of digging (40)
Scrolls
 a - a scroll of enchant armour
 d - 4 scrolls of fear
 i - 6 scrolls of blinking
 n - 9 scrolls of teleportation
 o - 5 scrolls of immolation
 w - 2 scrolls of amnesia
 z - 3 scrolls of torment
 B - 8 scrolls of poison
 C - 3 scrolls of revelation
 U - 4 scrolls of summoning
 Z - 11 scrolls of fog
Potions
 b - 3 potions of magic
 f - 31 potions of curing
 h - 8 potions of mutation
 j - 3 potions of haste
 k - 8 potions of might
 m - 9 potions of heal wounds
 t - 6 potions of cancellation
 u - 8 potions of enlightenment
 v - 7 potions of brilliance
 x - 4 potions of invisibility
 H - 4 potions of resistance
 I - 6 potions of berserk rage
 K - 5 potions of ambrosia
 M - 13 potions of lignification
Miscellaneous
 A - a condenser vane


   Skills:
 + Level 22.5 Fighting
 - Level 7.0 Long Blades
 - Level 6.0 Maces & Flails
 + Level 19.3 Armour
 - Level 3.0 Dodging
 - Level 3.0 Stealth
 + Level 15.8 Shields
 + Level 21.2 Spellcasting
 + Level 16.9 Conjurations
 - Level 12.0 Necromancy
 - Level 6.0 Fire Magic
 * Level 5.8 Ice Magic
 - Level 3.0 Air Magic
 + Level 19.3 Earth Magic
 - Level 9.0 Evocations
 - Level 5.3 Shapeshifting


You had 5 spell levels left.
You knew the following spells:

 Your Spells              Type           Power      Damage    Failure   Level
a - Iskenderun's Mystic   Conj/Tloc      67%        2d14      2%          4
b - Passwall              Erth           95%        N/A       1%          3
c - Stone Arrow           Conj/Erth      100%       3d13      1%          3
d - Lee's Rapid Deconstr  Erth           47%        3d23*     1%          5
e - Arcjolt               Conj/Air       35%        1d45      3%          5
f - Ignition              Fire           29%        3d9       100%        8
g - Mephitic Cloud        Conj/Alch/Air  61%        N/A       1%          3
h - Freezing Cloud        Conj/Ice/Air   33%        6-21      5%          5
i - Borgnjor's Vile Clut  Necr/Erth      43%        N/A       1%          5
j - Bombard               Conj/Erth      46%        9d8       1%          6
k - Lehudib's Crystal Sp  Conj/Erth      46%        10d11     24%         8
l - Maxwell's Capacitive  Air            23%        ∞         100%        8

Your spell library contained the following spells:

 Spells                   Type           Power      Damage    Failure   Level
 Magic Dart               Conj           100%       1d8       0%          1
 Sandblast                Erth           100%       2d20      0%          1
 Foxfire                  Conj/Fire      100%       2x1d9     1%          1
 Kiss of Death            Conj/Necr      100%       2d13      1%          1
 Necrotise                Necr           100%       1d9       1%          1
 Searing Ray              Conj           100%       2d8       1%          2
 Static Discharge         Conj/Air       100%       3-8/arc   1%          2
 Sublimation of Blood     Necr           77%        N/A       1%          2
 Dazzling Flash           Conj/Hex       100%       N/A       1%          3
 Fugue of the Fallen      Necr           77%        N/A       1%          3
 Hailstorm                Conj/Ice       76%        3d13      1%          3
 Vampiric Draining        Necr           77%        2d11      1%          3
 Animate Dead             Necr           77%        N/A       1%          4
 Brom's Barrelling Bould  Conj/Erth      92%        2d10      1%          4
 Dispel Undead            Necr           77%        3d25      1%          4
 Iskenderun's Battlesphe  Conj           90%        2d14      1%          5
 Fulminant Prism          Conj/Alch      33%        3d16      2%          4
 Animate Armour           Summ/Erth      100%       N/A       4%          4
 Petrify                  Alch/Erth      71%        N/A       4%          4
 Curse of Agony           Necr           77%        N/A       4%          5
 Mercury Vapours          Alch/Air       76%        N/A       5%          2
 Ozocubu's Armour         Ice            58%        N/A       6%          3
 Volatile Blastmotes      Fire/Tloc      92%        2d17      6%          3
 Ensorcelled Hibernation  Hex/Ice        92%        N/A       11%         2
 Airstrike                Air            23%        2d(4-20)  17%         4
 Anguish                  Hex/Necr       29%        N/A       21%         4
 Martyr's Knell           Necr/Summ      58%        N/A       21%         4
 Summon Ice Beast         Ice/Summ       46%        N/A       22%         3
 Slow                     Hex            100%       N/A       24%         1
 Blink                    Tloc           58%        N/A       36%         2
 Call Imp                 Summ           58%        N/A       36%         2
 Olgreb's Toxic Radiance  Alch           29%        N/A       50%         4
 Summon Blazeheart Golem  Fire/Summ      46%        N/A       56%         4
 Confusing Touch          Hex            29%        N/A       58%         3
 Gell's Gravitas          Tloc           29%        N/A       58%         3
 Sigil of Binding         Hex            29%        N/A       58%         3
 Teleport Other           Tloc           29%        N/A       58%         3
 Tukima's Dance           Hex            29%        N/A       58%         3
 Summon Lightning Spire   Summ/Air       38%        N/A       78%         4
 Vhi's Electric Charge    Tloc/Air       76%        N/A       78%         4
 Metabolic Englaciation   Hex/Ice        23%        N/A       90%         5
 Dimensional Bullseye     Hex/Tloc       14%        N/A       94%         4
 Manifold Assault         Tloc           29%        N/A       94%         4
 Silence                  Hex/Air        19%        N/A       98%         5
 Alistair's Intoxication  Alch           19%        N/A       100%        5
 Summon Forest            Summ/Tloc      14%        N/A       100%        5
 Orb of Destruction       Conj           45%        9d12      5%          7
 Starburst                Conj/Fire      38%        6d11      9%          6
 Conjure Ball Lightning   Conj/Air       35%        3x3d11    16%         6
 Plasma Beam              Fire/Air       26%        2x1d39    78%         6
 Spellforged Servitor     Conj/Summ      33%        N/A       80%         7
 Ozocubu's Refrigeration  Ice            29%        4d13      98%         7
 Dispersal                Tloc           14%        N/A       100%        6
 Eringya's Noxious Bog    Alch           14%        4d6       100%        6
 Sculpt Simulacrum        Ice/Alch       23%        N/A       100%        6
 Malign Gateway           Summ/Tloc      14%        N/A       100%        7
 Summon Hydra             Summ           14%        N/A       100%        7
 Polar Vortex             Ice            29%        12d3*     100%        9


Dungeon Overview and Level Annotations

Branches:
Dungeon (15/15) Zot: 23359  Temple (1/1) D:7 Zot: 5979    Lair (5/5) D:8 Zot: 18901
  Swamp (4/4) Lair:3 Zot: 17638   Snake (4/4) Lair:2 Zot: 12251   Slime (3/5) Lair:5 Zot: 16896
    Orc (2/2) D:11 Zot: 9969     Elf (3/3) Orc:2 Zot: 10122  Vaults (5/5) D:14 Zot: 15400
  Crypt (2/3) Vaults:3 Zot: 8966  Depths (4/4) D:15 Zot: 10434    Hell (visited)
    Dis (0/7) Hell            Geh (4/7) Hell Zot: 26782     Coc (0/7) Hell
    Tar (0/7) Hell            Zot (5/5) Depths:4 Zot: 9676 Ossuary (visited)

Altars:
Ashenzari
Cheibriados
Dithmenos
Fedhas
Gozag
Hepliaklqana
Kikubaaqudgha
Makhleb
Nemelex Xobeh
Okawaru
Qazlal
Ru
Sif Muna
Trog
Uskayaw
Vehumet
Wu Jian
Xom
Yredelemnul
Jiyva

Shops:
D:4 (   D:8 =   Orc:2 ??[[=?   Elf:1 *   Elf:2 =   Elf:3 [   Snake:1 *
Vaults:3 (   Vaults:5 :   Crypt:1 *   Depths:1 ::=   Depths:2 *

Portals:
Hell: Depths:1 Depths:2 Depths:3 Depths:4
Abyss: Depths:1 Depths:2 Depths:3 Depths:4
Pandemonium: Depths:1 Depths:2 Depths:3
Ziggurat: Depths:1

Annotations:
Crypt:1 3 runed translucent doors, exclusions: obsidian statue and 1 more exclusion, Vailuoroe's ghost, veteran GrEE
Crypt:2 Khufu


Innate Abilities, Weirdness & Mutations

You have hooves in place of feet.
You frequently emit foul miasma when damaged in melee.
You regenerate a lot of health from kills.
When seriously injured, your blood forms very thick armour. (AC +12)
Your presence sometimes corrodes or deforms those you injure.
You can speak a Word of Chaos.
You are somewhat resistant to further mutation.
You are very weak. (Str -4)


Message History

Your kick misses the Brimstone Fiend.
The Brimstone Fiend is lightly wounded.
The Brimstone Fiend gestures at you.
The sphere of damnation explodes!
The damnation engulfs you!!!
The damnation engulfs the Brimstone Fiend.
The Brimstone Fiend completely resists.
You slash the Brimstone Fiend! You kick the Brimstone Fiend.
The Brimstone Fiend is moderately wounded.
The Brimstone Fiend calls on the powers of darkness!
Your body is wracked with pain!
Your blood congeals into armour.
Unknown command.
Casting: Borgnjor's Vile Clutch (mildly dangerous; 1% risk of failure)
Confirm with . or Enter, or press ? or * to list all spells.
Aiming: Bombard (mildly dangerous; 1% risk of failure)
Press: ? - help, Shift-Dir - straight line, f/p - Brimstone Fiend
Aim: a Brimstone Fiend (moderately wounded, misshapen and mutated, 89% to hit)
The iron shot hits the Brimstone Fiend!!
The Brimstone Fiend is severely wounded.
The Brimstone Fiend gestures at you.
The sphere of damnation explodes!
The damnation engulfs you!!!
* * * LOW HITPOINT WARNING * * *
The damnation engulfs the Brimstone Fiend.
The Brimstone Fiend completely resists.
Unknown command.
Casting: Bombard (mildly dangerous; 1% risk of failure)
Confirm with . or Enter, or press ? or * to list all spells.
Aiming: Borgnjor's Vile Clutch (mildly dangerous; 1% risk of failure)
Press: ? - help, Shift-Dir - straight line, f/p - Brimstone Fiend
Aim: a Brimstone Fiend (severely wounded, misshapen and mutated, 100% to hit)
Zombie hands grab the Brimstone Fiend.
Zombie hands grab the balrug.
The zombie hands constrict the Brimstone Fiend.
The zombie hands constrict the balrug.
The balrug twists and deforms.
The balrug gestures at you.
The fireball explodes!
The fireball engulfs the Brimstone Fiend.
The Brimstone Fiend completely resists.
The fireball engulfs you. You resist.
* * * LOW HITPOINT WARNING * * *
The Brimstone Fiend gestures at you.
The sphere of damnation explodes!
The damnation engulfs you!!!
You die...

##§§§§.≈≈≈.....§§≈.
#§§§§§.####.....≈#§
#≈§...##..####.§§#
##≈...#....# ##§§§
#≈≈..'....# #.§
##≈..##..##
##≈..##### ###
#≈≈..##..##...###
#≈§..§§..@1.2....
#≈≈≈≈§§≈.........
##≈≈####≈≈≈≈≈≈≈§≈
### ###≈≈≈≈≈##
######


You could see a Brimstone Fiend (misshapen, clutched) and a balrug (misshapen,
clutched).

Vanquished Creatures
  Tiamat (Zot:2)
  5 orbs of fire
  4 dread liches
  Mara (Snake:4)
  The ghost of Iczier the Sniper, a legendary GnFE of Sif Muna (Zot:5)
  7 ancient liches
  Vv (Zot:2)
  Bai Suzhen (Snake:4)
  Margery (Crypt:1)
  5 curse toes
  12 Killer Klowns
  Geryon (Hell)
  The ghost of Soesill the Warrior, an adept DgCj (Depths:2)
  8 golden dragons
  Nikola (Snake:4)
  5 doom hounds (Depths:4)
  A Brimstone Fiend (Geh:2)
  3 electric golems
  2 hellephants (Geh:4)
  Rupert (D:14)
  The ghost of tilp the Warrior, an adept DrGl of Nemelex Xobeh (Vaults:1)
  Zenata (Elf:3)
  18 tentacled monstrosities
  25 Orb Guardians
  2 titans (Zot:3)
  3 deep elf blademasters
  5 searing wretches
  2 deep elf master archers (Elf:3)
  4 liches
  6 acid blobs
  7 quicksilver dragons
  Asterion (Snake:4)
  6 sphinxes
  An ancient champion (Hell)
  Agnes (Snake:1)
  Frances (D:14)
  10 death cobs
  22 storm dragons
  Aizul (Snake:1)
  21 shadow dragons
  8 tengu reavers
  2 nagarajas (Snake:4)
  3 draconian knights
  5 draconian monks
  13 protean progenitors
  Roxanne (D:14)
  20 vault wardens
  15 fire giants
  4 rockslimes
  An azure jelly (Slime:1)
  An iron dragon (Depths:4)
  4 deep elf elementalists (Elf:3)
  A fenstrider witch (Swamp:4)
  3 ghost moths
  6 draconian scorchers
  6 draconian shifters
  6 frost giants
  5 deep elf sorcerers
  2 ghouls (Vaults:3)
  18 ironbound preservers
  4 balrugs
  14 stone giants
  2 curse skulls
  2 draconian stormcallers (Zot:3)
  An orc warlord (Vaults:2)
  30 very ugly things
  3 reapers (Hell)
  7 formless jellyfish
  A rockslime zombie (Crypt:1)
  3 quicksilver oozes
  A lorocyproca (Depths:4)
  3 draconian annihilators
  6 vampire knights
  8 ironbound thunderhulks
  8 deep elf demonologists
  12 green draconians
  10 black draconians
  6 deep elf death magi
  5 eleionomae
  2 war gargoyles
  4 white draconians
  A dire elephant (Vaults:1)
  10 red draconians
  6 yellow draconians
  7 bunyips
  14 deep elf annihilators
  13 purple draconians
  3 iron golems
  Snorg (Lair:5)
  3 spark wasps
  3 minotaurs
  2 blizzard demons
  Azrael (Orc:2)
  2 green deaths
  4 crystal guardians (Vaults:3)
  9 ettins
  4 eidola
  3 shambling mangroves
  Josephine (Lair:5)
  3 jiangshi (Crypt:1)
  9 fire dragons
  7 deep elf high priests
  3 entropy weavers
  4 ice dragons
  18 yaktaur captains
  32 vault guards
  25 hydras
  A kraken zombie (Hell)
  16 salamander tyrants
  6 great orbs of eyes
  3 rakshasas
  2 hell beasts (Depths:4)
  2 jorogumos
  A ghost crab (Swamp:4)
  The ghost of phunky83 the Covert, a journeyman FeSu of Kikubaaqudgha (Lair:1)
  6 ironbound frosthearts
  3 ogre magi
  4 alligators
  2 spriggan air magi
  13 centaur warriors
  A fenstrider witch skeleton (Crypt:1)
  2 peacekeepers
  14 anacondas
  24 dancing weapons
  6 two-headed ogres
  2 stokers (Geh:1)
  6 boulder beetles
  6 death yaks
  A spectral fire giant (Vaults:1)
  9 deep troll earth magi
  3 deep troll shamans
  18 naga warriors
  7 tengu warriors
  28 hell hogs
  4 spriggan berserkers
  3 orc high priests
  6 shock serpents
  9 naga sharpshooters
  A titan skeleton (Hell)
  20 deep elf knights
  11 soul eaters
  30 hell knights
  7 occultists (Depths:2)
  5 bunyip zombies
  10 sun demons
  7 iron trolls
  8 goliath frogs
  4 salamander mystics (Snake:4)
  A skyshark (Lair:5)
  19 skeletal warriors
  44 deep trolls
  A sixfirhy (D:14)
  A quicksilver dragon simulacrum (Hell)
  3 spriggan druids (Swamp:4)
  A shadow demon (Depths:2)
  4 bog bodies
  A glowing orange brain (shapeshifter) (Depths:2)
  2 flayed ghosts
  A sun moth (shapeshifter) (Vaults:5)
  5 large abominations (Depths:2)
  A sea snake (shapeshifter) (Vaults:2)
  10 glowing orange brains
  12 swamp dragons
  7 arcanists
  6 naga ritualists
  10 deep elf archers
  2 spriggan simulacra
  An obsidian statue (Zot:5)
  2 shadow dragon zombies
  16 mana vipers
  15 phantasmal warriors
  A bunyip skeleton (Swamp:4)
  An orange crystal statue (Vaults:3)
  20 deep elf zephyrmancers
  5 orc sorcerers
  6 orc knights
  3 steelbarb worms (Zot:1)
  10 ironbound convokers
  A golden dragon skeleton (Vaults:4)
  18 deep elf pyromancers
  11 harpies
  An anaconda skeleton (Hell)
  5 lindwurms
  17 necromancers
  45 ugly things
  2 alligator zombies (Hell)
  5 manticores
  An orb spider (shapeshifter) (Vaults:5)
  A spectral ettin (Vaults:1)
  A shining eye (shapeshifter) (Vaults:5)
  A salamander (shapeshifter) (Depths:2)
  A wolf spider (shapeshifter) (Depths:2)
  2 will-o-the-wisps (Swamp:2)
  Maurice (D:9)
  3 shining eyes
  A stone giant zombie (Vaults:4)
  2 cyclopes (D:15)
  20 salamanders
  12 elephants
  A meliai (shapeshifter) (Vaults:5)
  35 moths of wrath
  9 meliai
  A human skeleton (Vaults:4)
  19 vault sentinels
  An eleionoma skeleton (Crypt:2)
  3 torpor snails (Zot:5)
  7 guardian serpents
  6 kobold blastminers
  7 molten gargoyles (Hell)
  A black mamba (shapeshifter) (D:15)
  11 naga magi
  35 black mambas
  2 rust devils
  An eye of devastation (shapeshifter) (Elf:1)
  An alligator skeleton (Hell)
  2 ice statues (Hell)
  An eye of devastation (Slime:1)
  An orange demon (D:14)
  8 smoke demons
  17 cane toads
  A gargoyle (D:12)
  An alligator snapping turtle zombie (Hell)
  A yaktaur zombie (Vaults:4)
  7 komodo dragons
  A sea snake zombie (Hell)
  13 hellions
  2 naga skeletons
  2 efreet (D:13)
  2 rime drakes
  2 ice devils
  2 tormentors
  A kobold demonologist (D:11)
  55 yaktaurs
  3 tengu conjurers
  2 hydra zombies (Hell)
  12 freezing wraiths
  A polar bear (shapeshifter) (D:15)
  A sea snake skeleton (Hell)
  9 trolls
  2 hellwings (D:14)
  2 red devils
  A tarantella (Vaults:3)
  2 bloated husks (Swamp:1)
  19 hornets
  Grinder (D:6)
  5 tyrant leeches
  A polar bear (Lair:5)
  A blink frog (shapeshifter) (D:15)
  A frost giant simulacrum (Vaults:1)
  9 blink frogs
  A shadow dragon simulacrum (Vaults:1)
  8 dream sheep
  A guardian serpent skeleton (Crypt:1)
  85 slime creatures
  A snapping turtle (shapeshifter) (Elf:2)
  A dream sheep (shapeshifter) (Depths:2)
  A jumping spider (shapeshifter) (Zot:3)
  A jumping spider (Vaults:3)
  A ynoxinul (Depths:3)
  A spriggan (shapeshifter) (D:13)
  8 water elementals
  23 spriggans
  A shadow (D:11)
  6 humans (D:14)
  36 yaks
  4 air elementals
  A culicivora (Vaults:1)
  A culicivora (shapeshifter) (Elf:2)
  8 small abominations (Depths:2)
  A vampire (D:11)
  4 wyverns
  A tyrant leech zombie (Crypt:1)
  8 wraiths
  8 fire elementals
  A golden eye (shapeshifter) (Vaults:2)
  A naga simulacrum (Hell)
  5 golden eyes (Slime:1)
  2 steam dragons
  A human (shapeshifter) (Elf:2)
  2 spectral humans (Vaults:1)
  2 basilisks
  3 wargs
  A redback (Vaults:1)
  A skyshark zombie (Crypt:1)
  Grum (D:9)
  14 vampire mosquitoes
  A naga zombie (Crypt:1)
  4 chaos spawn
  A harpy simulacrum (Hell)
  A demonspawn zombie (Crypt:1)
  15 swamp worms
  A water nymph zombie (Crypt:2)
  An acid dragon (D:14)
  36 nagas
  22 water moccasins
  Duvessa (D:6)
  A swamp worm (shapeshifter) (Vaults:5)
  6 black bears
  9 swamp drakes
  An ettin simulacrum (Vaults:1)
  26 orc warriors
  A sky beast (D:8)
  An ice beast (D:7)
  10 boggarts
  17 wolves
  5 ogres
  A swamp dragon skeleton (Swamp:4)
  19 centaurs
  A snapping turtle skeleton (Crypt:2)
  A phantom (D:4)
  3 kobold brigands
  3 elf zombies (Ossuary)
  3 earth elementals (Elf:1)
  An elf skeleton (Crypt:2)
  2 gnoll sergeants (D:12)
  9 bullfrogs
  A scorpion (D:6)
  2 warg skeletons (Crypt:1)
  8 wights
  2 water moccasin skeletons
  Dowan (D:6)
  6 killer bees (D:9)
  4 howler monkeys
  2 electric eels (Lair:2)
  4 crimson imps (D:10)
  2 centaur zombies
  A bullfrog zombie (D:4)
  4 human simulacra
  3 hounds
  3 human zombies (Ossuary)
  10 jellies
  Crazy Yiuf (D:3)
  21 orc priests
  A bullfrog skeleton (D:4)
  2 sleepcaps
  2 centaur skeletons (D:4)
  2 iguanas
  2 scorpion zombies (D:4)
  43 orc wizards
  4 hell rats (Hell)
  4 polar bear simulacra (Lair:2)
  4 yak simulacra (Lair:2)
  2 wolf simulacra (Lair:2)
  An acid dragon zombie (Crypt:1)
  2 crocodile zombies (Ossuary)
  A spectral hound (Ossuary)
  A hound skeleton (D:4)
  4 hound zombies (D:4)
  6 mummies
  A howler monkey zombie (D:4)
  9 adders
  A river rat (Lair:2)
  A steam dragon zombie (Crypt:2)
  14 gnolls
  4 hound simulacra (Ossuary)
  4 white imps
  2 ufetubi (D:6)
  5 spectral adders (Ossuary)
  3 spectral gnolls (Ossuary)
  An adder zombie (D:4)
  2 dart slugs (D:2)
  2 ribbon worms
  3 adder simulacra (Ossuary)
  61 orcs
  4 ball pythons
  18 endoplasms
  9 goblins
  3 hobgoblins
  16 kobolds
  2 quokkas
  3 bats
  4 frilled lizards
  2 gnoll simulacra (Ossuary)
  7 gnoll zombies (Ossuary)
  A jackal simulacrum (Ossuary)
  A jackal skeleton (Crypt:1)
  4 kobold zombies (Ossuary)
  5 orc zombies (Ossuary)
  4 rats (D:1)
  A river rat simulacrum (Lair:2)
  A spectral jackal (Ossuary)
  An aspiring flesh (Zot:4)
  2 creeping infernos
  4 fire vortices
2458 creatures vanquished.

Vanquished Creatures (others)
  A war gargoyle (Vaults:4)
  A vault guard (D:14)
  A hell knight (Depths:3)
  A bunyip zombie (Swamp:4)
  A naga ritualist (Snake:4)
  A bloated husk (Swamp:2)
  2 wolves (Lair:5)
  2 orc wizards
  6 ball lightnings (Zot:5)
  4 tentacles (Hell)
20 creatures vanquished.

Grand Total: 2478 creatures vanquished

Notes
Turn   | Place    | Note
-------+----------+-------------------------------------------
     0 | D:1      | protoss039 the Demonspawn Earth Elementalist began the
                  | quest for the Orb.
     0 | D:1      | Reached XP level 1. HP: 13/13 MP: 3/3
   803 | D:2      | Gained mutation: You may rarely emit foul miasma when
                  | damaged in melee. [demonic ancestry]
   803 | D:2      | Reached XP level 2. HP: 20/20 MP: 0/5
   962 | D:2      | Reached skill level 1 in Fighting
  1047 | D:2      | Found a faded altar of an unknown god.
  1340 | D:2      | Reached XP level 3. HP: 20/26 MP: 4/6
  1576 | D:2      | Identified the +0 hat of Sif Muna, Bashing {Will++ Slay-3}
  2115 | D:3      | Learned a level 3 spell: Passwall
  2119 | D:3      | Learned a level 3 spell: Stone Arrow
  2194 | D:3      | Found a hide-covered altar of Uskayaw.
  2547 | D:3      | Reached skill level 2 in Fighting
  2556 | D:3      | Gained mutation: When seriously injured, your blood forms
                  | armour. (AC +12) [demonic ancestry]
  2556 | D:3      | Reached XP level 4. HP: 15/33 MP: 1/8
  3214 | D:3      | Found a runed translucent door.
  3215 | D:3      | Noticed Crazy Yiuf
  3397 | D:3      | Killed Crazy Yiuf
  3398 | D:3      | Gained mutation: You regenerate a little health from kills.
                  | [demonic ancestry]
  3398 | D:3      | Reached XP level 5. HP: 15/39 MP: 9/9
  3704 | D:4      | Reached skill level 3 in Fighting
  3724 | D:4      | Gained mutation: You regenerate health from kills. [demonic
                  | ancestry]
  3724 | D:4      | Reached XP level 6. HP: 39/47 MP: 11/11
  4172 | D:4      | Reached skill level 4 in Fighting
  4660 | D:4      | Reached XP level 7. HP: 54/54 MP: 13/13
  4688 | D:4      | Found Duaqixt's Weapon Shop.
  4877 | D:5      | Entered Level 5 of the Dungeon
  4881 | D:5      | Identified the +5 spear of Theory {flame, rPois rN+ Dex+3}
  5107 | D:5      | Found a shimmering blue altar of Sif Muna.
  5289 | D:5      | Reached skill level 1 in Armour
  5523 | D:5      | Reached skill level 5 in Earth Magic
  5813 | D:6      | Reached XP level 8. HP: 39/61 MP: 15/15
  5934 | D:6      | Reached skill level 5 in Fighting
  5942 | D:6      | Reached skill level 5 in Spellcasting
  6435 | D:6      | Noticed Grinder
  6444 | D:6      | Killed Grinder
  6613 | D:6      | Noticed Dowan
  6614 | D:6      | Noticed Duvessa
  6628 | D:6      | Killed Duvessa
  6633 | D:6      | Killed Dowan
  6695 | D:6      | Found an ornate altar of the Wu Jian Council.
  6756 | D:6      | Reached skill level 6 in Fighting
  6866 | D:7      | Identified the +1 robe of the Shore {rPois rN+ Stlth-}
  6877 | D:7      | Found a sand-covered staircase.
  6912 | Ossuary  | Entered an ossuary
  7362 | Ossuary  | Gained mutation: When seriously injured, your blood forms
                  | thick armour. (AC +12) [demonic ancestry]
  7362 | Ossuary  | Reached XP level 9. HP: 31/71 MP: 0/18
  8184 | D:7      | Reached skill level 7 in Fighting
  8255 | D:7      | Found a staircase to the Ecumenical Temple.
  8262 | Temple   | Entered the Ecumenical Temple
  8273 | Temple   | Became a worshipper of Vehumet
  8321 | D:7      | Found a shadowy altar of Dithmenos.
  8596 | D:7      | Found a blossoming altar of Fedhas.
  8798 | D:7      | Found an opulent altar of Gozag.
  9032 | D:8      | Found a staircase to the Lair.
  9199 | D:8      | Found Vesch's Jewellery Shop.
  9272 | D:8      | Identified the ring of a Hundred Healing Seas {Will+ Int+7}
 10279 | D:9      | Reached skill level 8 in Fighting
 10372 | D:9      | Reached * piety under Vehumet
 10372 | D:9      | Offered knowledge of Magic Dart by Vehumet.
 10509 | D:9      | Noticed Grum
 10522 | D:9      | Killed Grum
 10523 | D:9      | Gained mutation: When seriously injured, your blood forms
                  | very thick armour. (AC +12) [demonic ancestry]
 10523 | D:9      | Reached XP level 10. HP: 59/80 MP: 5/21
 10881 | D:9      | Noticed Maurice
 10890 | D:9      | Killed Maurice
 11460 | D:10     | Entered Level 10 of the Dungeon
 11473 | D:10     | Reached skill level 9 in Fighting
 11803 | D:10     | Found a sparkling altar of Nemelex Xobeh.
 11862 | D:10     | Reached skill level 5 in Armour
 12587 | D:10     | Found a shimmering altar of Xom.
 13011 | D:11     | Reached XP level 11. HP: 90/90 MP: 15/24
 13304 | D:11     | Offered knowledge of Foxfire by Vehumet.
 13306 | D:11     | Noticed a two-headed ogre
 13314 | D:11     | Killed a two-headed ogre
 13314 | D:11     | Reached ** piety under Vehumet
 13315 | D:11     | Reached skill level 10 in Fighting
 13598 | D:11     | Noticed a skeletal warrior
 13601 | D:11     | Noticed a skeletal warrior
 13621 | D:11     | Noticed a skeletal warrior
 13731 | Lair:1   | Entered Level 1 of the Lair of Beasts
 14076 | Lair:1   | Reached skill level 10 in Spellcasting
 14594 | Lair:1   | Found a runed translucent gate.
 14645 | Lair:1   | Found a runed translucent gate.
 14645 | Lair:1   | Found a runed translucent gate.
 14650 | Lair:1   | Noticed phunky83's ghost (journeyman FeSu)
 14652 | Lair:1   | Noticed a minotaur
 14735 | Lair:1   | Offered knowledge of Scorch by Vehumet.
 14969 | Lair:2   | Noticed a five-headed hydra
 14976 | Lair:2   | Killed a five-headed hydra
 14977 | Lair:2   | Reached skill level 11 in Fighting
 15677 | Lair:2   | Found a staircase to the Snake Pit.
 15692 | Lair:2   | Gained mutation: You have large cloven feet. [demonic
                  | ancestry]
 15692 | Lair:2   | Reached XP level 12. HP: 85/100 MP: 4/26
 15693 | Lair:2   | Reached *** piety under Vehumet
 16591 | Lair:2   | Offered knowledge of Fulminant Prism by Vehumet.
 16845 | Lair:3   | Noticed a five-headed hydra
 16886 | Lair:3   | Reached skill level 12 in Fighting
 17023 | Lair:3   | Killed a five-headed hydra
 17117 | Lair:3   | Noticed a seven-headed hydra
 17129 | Lair:3   | Killed a seven-headed hydra
 17689 | Lair:3   | Reached **** piety under Vehumet
 17691 | Lair:3   | Noticed an eleionoma
 17850 | Lair:3   | Noticed a boulder beetle
 17868 | Lair:3   | Killed a boulder beetle
 17868 | Lair:3   | Offered knowledge of Airstrike by Vehumet.
 17996 | Lair:3   | Killed an eleionoma
 17997 | Lair:3   | Reached skill level 13 in Fighting
 18197 | Lair:3   | Found a staircase to the Swamp.
 18728 | Lair:4   | Reached skill level 1 in Shields
 18728 | Lair:4   | Reached XP level 13. HP: 89/111 MP: 20/29
 19710 | Lair:4   | Found the +8 whip "Snakebite" {venom, curare, rPois}
 19995 | Lair:5   | Entered Level 5 of the Lair of Beasts
 19995 | Lair:5   | Noticed Snorg
 20907 | Lair:5   | Reached skill level 1 in Maces & Flails
 21684 | Lair:5   | Noticed Josephine
 21698 | Lair:5   | Killed Josephine
 22038 | Lair:5   | Reached ***** piety under Vehumet
 22098 | Lair:5   | Offered knowledge of Olgreb's Toxic Radiance by Vehumet.
 22116 | Lair:5   | Learned a level 4 spell: Olgreb's Toxic Radiance
 22235 | Lair:5   | Got Kikubaaqudgha's Papyrus of Shadows
 22427 | Lair:5   | Gained mutation: You have hoof-like feet. [demonic
                  | ancestry]
 22427 | Lair:5   | Reached XP level 14. HP: 109/119 MP: 31/31
 22487 | Lair:5   | Reached skill level 10 in Earth Magic
 22694 | Lair:5   | Found a viscous altar of Jiyva.
 22694 | Lair:5   | Found a staircase to the Slime Pits.
 22701 | Lair:5   | Killed Snorg
 22804 | Lair:5   | Reached skill level 14 in Fighting
 22804 | Lair:5   | Reached skill level 5 in Conjurations
 24062 | D:11     | Reached skill level 5 in Shields
 24525 | D:11     | Offered knowledge of Freezing Cloud by Vehumet.
 24541 | D:11     | Found a staircase to the Orcish Mines.
 24715 | D:11     | Learned a level 5 spell: Freezing Cloud
 27479 | D:14     | Noticed Rupert
 28547 | Orc:1    | Entered Level 1 of the Orcish Mines
 28630 | Orc:2    | Entered Level 2 of the Orcish Mines
 28630 | Orc:2    | Noticed Azrael
 28855 | Orc:1    | Offered knowledge of Bombard by Vehumet.
 28865 | Orc:1    | Reached skill level 5 in Maces & Flails
 29082 | Orc:2    | Found a staircase to the Elven Halls.
 29346 | Orc:2    | Found Oqusyumn's Magic Scroll Shop.
 29354 | Orc:2    | Bought a scroll of identify for 26 gold pieces
 29354 | Orc:2    | Bought a scroll of fog for 52 gold pieces
 29354 | Orc:2    | Bought a scroll of identify for 26 gold pieces
 29354 | Orc:2    | Bought a scroll of fear for 52 gold pieces
 29354 | Orc:2    | Bought a scroll of amnesia for 52 gold pieces
 29354 | Orc:2    | Bought a scroll of teleportation for 39 gold pieces
 29364 | Orc:2    | Learned a level 6 spell: Bombard
 29577 | Orc:2    | Reached XP level 15. HP: 127/127 MP: 5/32
 29712 | Orc:2    | Found Xyomuhef's Antique Armour Boutique.
 29712 | Orc:2    | Found Ideeluka's Jewellery Shop.
 29713 | Orc:2    | Found Ryce's Magic Scroll Shop.
 29716 | Orc:2    | Found Ytuym's Antique Armour Boutique.
 29720 | Orc:2    | Bought a smoking cloak for 218 gold pieces
 29720 | Orc:2    | Identified the +0 cloak of the Pink Corner {Harm rPois
                  | Regen+ Str+5 Dex-3} (You bought it in a shop on level 2 of
                  | the Orcish Mines)
 29731 | Orc:2    | Bought a scroll of revelation for 127 gold pieces
 29731 | Orc:2    | Bought a scroll of fear for 68 gold pieces
 29731 | Orc:2    | Bought a scroll of teleportation for 51 gold pieces
 29732 | Orc:2    | Bought the ring "Fesa" {Fly rElec rN+ Str+5 Dex+3} for 735
                  | gold pieces
 29779 | Orc:2    | Killed Azrael
 30005 | Orc:2    | Found Ydaamp's Magic Scroll Boutique.
 30051 | Orc:2    | Bought a scroll of blinking for 105 gold pieces
 30051 | Orc:2    | Bought 2 scrolls of teleportation for 84 gold pieces
 30051 | Orc:2    | Bought a scroll of teleportation for 42 gold pieces
 30235 | Orc:2    | Bought a dyed leather armour for 115 gold pieces
 30248 | Orc:2    | Bought a glowing leather armour for 205 gold pieces
 30483 | Swamp:1  | Entered Level 1 of the Swamp
 31767 | Swamp:1  | Offered knowledge of Arcjolt by Vehumet.
 31777 | Swamp:1  | Learned a level 5 spell: Arcjolt
 33181 | Swamp:3  | Reached skill level 15 in Fighting
 33411 | Swamp:3  | Reached skill level 1 in Air Magic
 34228 | Swamp:4  | Entered Level 4 of the Swamp
 35109 | Swamp:4  | Gained mutation: Your presence sometimes corrodes those you
                  | injure. [demonic ancestry]
 35109 | Swamp:4  | Reached XP level 16. HP: 121/136 MP: 11/34
 35846 | Swamp:4  | Got a decaying rune of Zot
 35875 | Swamp:4  | Identified the +4 scale mail "Unwyobaf" {rF+ Int+2 SInv}
 36575 | Swamp:4  | Offered knowledge of Eringya's Noxious Bog by Vehumet.
 36942 | Swamp:4  | Found an ancient bone altar of Kikubaaqudgha.
 36953 | Swamp:4  | Got the Anthology of the Undead
 36960 | Swamp:4  | Learned a level 5 spell: Borgnjor's Vile Clutch
 37232 | Snake:1  | Entered Level 1 of the Snake Pit
 37858 | Snake:1  | Noticed Agnes
 37864 | Snake:1  | Killed Agnes
 37865 | Snake:1  | Reached skill level 1 in Necromancy
 39014 | Snake:1  | Found Waxzaidgh's Assorted Antiques.
 39018 | Snake:1  | Bought a potion of curing for 96 gold pieces
 39018 | Snake:1  | Bought a potion of heal wounds for 160 gold pieces
 39018 | Snake:1  | Bought a fizzy silvery potion for 28 gold pieces
 39096 | Snake:1  | Identified the serpent talisman of Intuition {rC- Str+6}
 39096 | Snake:1  | Noticed Aizul
 39102 | Snake:1  | Killed Aizul
 41079 | Snake:2  | You are sucked into a shaft and drop 1 floor!
 43057 | Snake:4  | Entered Level 4 of the Snake Pit
 43186 | Snake:4  | Noticed Asterion
 43188 | Snake:4  | Reached XP level 17. HP: 104/144 MP: 21/35
 43191 | Snake:4  | Noticed Mara
 43409 | Snake:4  | Reached skill level 16 in Fighting
 43413 | Snake:4  | Noticed Bai Suzhen
 43733 | Snake:4  | Reached skill level 5 in Necromancy
 44012 | Snake:4  | Reached skill level 10 in Shields
 44028 | Snake:4  | Killed Asterion
 44170 | Snake:4  | Killed Mara
 44486 | Snake:4  | Noticed Nikola
 44691 | Snake:4  | Killed Nikola
 46047 | Snake:4  | Reached ****** piety under Vehumet
 46520 | Snake:4  | Offered knowledge of Iskenderun's Battlesphere by Vehumet.
 46530 | Snake:4  | Reached skill level 10 in Armour
 47658 | Snake:4  | Reached skill level 15 in Spellcasting
 48271 | Snake:4  | Got a serpentine rune of Zot
 48923 | D:14     | Reached skill level 17 in Fighting
 49308 | D:14     | Noticed Roxanne
 49461 | D:14     | Killed Roxanne
 49462 | D:14     | Gained mutation: You have hooves in place of feet. [demonic
                  | ancestry]
 49462 | D:14     | Reached XP level 18. HP: 154/154 MP: 19/37
 49720 | D:14     | Found a sacrificial altar of Ru.
 49720 | D:14     | Noticed Frances
 49730 | D:14     | Killed Rupert
 49732 | D:14     | Killed Frances
 50173 | D:14     | Found a gate to the Vaults.
 50319 | D:14     | Offered knowledge of Lehudib's Crystal Spear by Vehumet.
 50517 | D:14     | Learned a level 8 spell: Lehudib's Crystal Spear
 50535 | D:15     | Entered Level 15 of the Dungeon
 51156 | D:15     | Found a staircase to the Depths.
 52007 | Elf:1    | Entered Level 1 of the Elven Halls
 52080 | Elf:1    | Paralysed by an air elemental for 1 turns
 52085 | Elf:1    | Paralysed by an air elemental for 1 turns
 52253 | Elf:1    | Paralysed by an air elemental for 1 turns
 52258 | Elf:1    | Paralysed by an air elemental for 1 turns
 52670 | Elf:1    | Found Hamy's General Store.
 52766 | Elf:1    | Paralysed by an air elemental for 1 turns
 52827 | Elf:1    | Offered knowledge of Polar Vortex by Vehumet.
 52827 | Elf:1    | Offered knowledge of Ignition by Vehumet.
 52827 | Elf:1    | Offered knowledge of Maxwell's Capacitive Coupling by
                  | Vehumet.
 53466 | Elf:2    | Found Huniad Lexy's Jewellery Emporium.
 53671 | Elf:2    | Reached skill level 10 in Conjurations
 54360 | Elf:2    | Found a runed translucent gate.
 54361 | Elf:2    | Found a runed translucent gate.
 54361 | Elf:2    | Found a runed translucent gate.
 54534 | Elf:2    | Gained mutation: You regenerate a lot of health from kills.
                  | [demonic ancestry]
 54534 | Elf:2    | Reached XP level 19. HP: 163/163 MP: 33/38
 56022 | Elf:3    | Entered Level 3 of the Elven Halls
 56080 | Elf:3    | Found Quogipn's Antique Armour Emporium.
 56088 | Elf:3    | Bought a jewelled ring mail for 351 gold pieces
 56088 | Elf:3    | Identified the +1 ring mail of the Thoughtful Yaks {Harm
                  | rF+ Str+3} (You bought it in a shop on level 3 of the Elven
                  | Halls)
 56105 | Elf:3    | Noticed Zenata
 56112 | Elf:3    | Killed Zenata
 56509 | Elf:3    | Found a portal to a secret trove of treasure.
 56808 | Elf:3    | Reached skill level 18 in Fighting
 57772 | Elf:3    | Identified the +7 battleaxe "Demonspawn's Regret" {venom,
                  | Str+3 Int+2}
 57778 | Elf:3    | Identified the +9 dagger "Lur Fas" {protect, rC+}
 57796 | Elf:3    | Identified the +3 rapier of the Swamp {flame, Str+3 Int+4
                  | Dex+3}
 58189 | Elf:3    | Found Quogipn's Antique Armour Emporium.
 58315 | Elf:3    | Found a portal to a secret trove of treasure.
 59339 | Elf:3    | Identified the +10 great sword "Koystr Fedala" {vamp,
                  | Int+8}
 59342 | Elf:3    | Identified the +9 falchion "Juneir" {drain, Fly rCorr Dex-3
                  | SInv}
 59344 | Elf:3    | Identified the amulet of Peizil {Reflect rPois rF- rN+++
                  | Dex-3 SH+5}
 59384 | Elf:3    | Identified the +5 dagger "Hydrabane" {heavy, Dex+5 SInv}
 59452 | Elf:3    | Identified the amulet "Bodirak" {rF- Regen+ rCorr Str+3}
 59465 | Elf:3    | Identified the scarf of Gravitas {harm, Int+2 Dex+3}
 59925 | Vaults:1 | Entered Level 1 of the Vaults
 60306 | Vaults:1 | Reached skill level 1 in Evocations
 60327 | Vaults:1 | Paralysed by a formless jellyfish for 1 turns
 61067 | Vaults:1 | Found a runed translucent gate.
 61067 | Vaults:1 | Found a runed translucent gate.
 61067 | Vaults:1 | Found a runed translucent gate.
 61069 | Vaults:1 | Noticed tilp's ghost (adept DrGl)
 61641 | Vaults:1 | Paralysed by a formless jellyfish for 1 turns
 61773 | Vaults:1 | Gained mutation: Your presence sometimes corrodes or
                  | deforms those you injure. [demonic ancestry]
 61773 | Vaults:1 | Reached XP level 20. HP: 161/172 MP: 26/40
 61964 | Vaults:1 | Killed tilp's ghost
 63357 | Vaults:2 | Reached skill level 5 in Evocations
 64288 | Vaults:3 | Paralysed by a formless jellyfish for 1 turns
 64292 | Vaults:3 | Paralysed by a formless jellyfish for 1 turns
 64354 | Vaults:3 | Found Fukok's Antique Weapon Boutique.
 65738 | Vaults:3 | Found a staircase to the Crypt.
 66181 | Vaults:2 | Reached skill level 15 in Armour
 67229 | Vaults:4 | Gained mutation: You sometimes emit foul miasma when
                  | damaged in melee. [demonic ancestry]
 67229 | Vaults:4 | Reached XP level 21. HP: 179/179 MP: 19/41
 68215 | Vaults:4 | Found a transporter.
 68256 | Vaults:4 | Found a transporter.
 68481 | Crypt:1  | Entered Level 1 of the Crypt
 68846 | Crypt:1  | Found a basalt altar of Yredelemnul.
 69428 | Crypt:1  | Noticed Margery
 69444 | Crypt:1  | Killed Margery
 69452 | Crypt:1  | Reached skill level 19 in Fighting
 71592 | Crypt:1  | Found a runed translucent gate.
 71592 | Crypt:1  | Found an opulent altar of Gozag.
 71594 | Crypt:1  | Found a runed translucent gate.
 71594 | Crypt:1  | Found a runed translucent gate.
 71597 | Crypt:1  | Found Ziowoe's Assorted Antiques.
 71597 | Crypt:1  | Noticed Vailuoroe's ghost (veteran GrEE)
 71993 | Crypt:2  | Noticed a royal mummy
 71996 | Crypt:2  | Noticed Khufu
 72573 | Depths:1 | Entered Level 1 of the Depths
 72573 | Depths:1 | Found a stormy altar of Qazlal.
 72589 | Depths:1 | Found a gateway to Hell.
 73583 | Depths:1 | Found Zog Cepo's Jewellery Shop.
 73583 | Depths:1 | Found Vaywn's Book Shoppe.
 73584 | Depths:1 | Found Qasikigh's Book Shoppe.
 73650 | Depths:1 | Found a one-way gate to the infinite horrors of the Abyss.
 73858 | Depths:1 | Found a one-way gate leading to the halls of Pandemonium.
 73872 | Depths:1 | Found a one-way gateway to a ziggurat.
 74706 | Depths:2 | Found Iquatel's Assorted Antiques.
 74767 | Depths:2 | Reached skill level 1 in Shapeshifting
 75045 | Depths:2 | Found a runed translucent door.
 75046 | Depths:2 | Noticed Soesill's ghost (adept DgCj)
 75428 | Depths:2 | Reached XP level 22. HP: 71/188 MP: 23/43
 76833 | Depths:3 | Noticed a golden dragon
 76859 | Depths:3 | Killed a golden dragon
 78299 | Depths:3 | Found an iron altar of Okawaru.
 79628 | Depths:4 | Entered Level 4 of the Depths
 79815 | Depths:4 | Reached skill level 15 in Earth Magic
 81020 | Depths:4 | Found a gate to the Realm of Zot.
 81020 | Depths:4 | Noticed a golden dragon
 81024 | Depths:4 | Killed a golden dragon
 81503 | Depths:4 | Learned a level 8 spell: Ignition
 81999 | Elf:3    | You paid a toll of a +8 demon trident to enter a treasure
                  | trove
 82000 | Trove    | Entered a treasure trove
 82015 | Trove    | Identified the amulet "Pijoch" {^Fragile Regen+ Dex+5}
 82017 | Trove    | Identified the ring "Unuhi" {+Blink rElec rPois Will-
                  | Str+3}
 82021 | Trove    | Identified the ring of Freedom {Str+2 Dex+4 Slay+4}
 82023 | Trove    | Identified the ring "Efigaav" {rElec MP+9 SInv}
 82025 | Trove    | Identified the amulet "Jeparuol" {Rampage Fly Regen+ rCorr
                  | Str-4}
 82028 | Trove    | Identified the ring "Dewaicu" {Wiz SInv}
 82356 | Depths:1 | Bought a book of Iron for 704 gold pieces
 82362 | Depths:1 | Learned a level 5 spell: Lee's Rapid Deconstruction
 83399 | Vaults:5 | Entered Level 5 of the Vaults
 83405 | Vaults:5 | Reached skill level 1 in Fire Magic
 83407 | Vaults:5 | Reached skill level 1 in Long Blades
 83414 | Vaults:4 | Gained mutation: You frequently emit foul miasma when
                  | damaged in melee. [demonic ancestry]
 83414 | Vaults:4 | Reached XP level 23. HP: 185/196 MP: 41/44
 83434 | Vaults:5 | Noticed an ancient lich
 83801 | Vaults:5 | Identified the ring of Anarchy {rN+ rCorr Str+4 Int+2}
 84053 | Vaults:5 | Identified the ring of Xusha {rPois rCorr Str+4 Slay-5}
 84167 | Vaults:5 | Identified the ring of Dirapser {rN+ Will+ Stlth+}
 84458 | Vaults:5 | Noticed an ancient lich
 84474 | Vaults:5 | Killed an ancient lich
 84830 | Vaults:5 | Identified the +3 whip "Fadohen" {flame, rF- Str+5 Int+4}
 84838 | Vaults:5 | Found Puxyfema's Book Shop.
 84839 | Vaults:5 | Reached skill level 20 in Fighting
 85159 | Vaults:5 | Bought a book of the Senses for 520 gold pieces
 85163 | Vaults:5 | Learned a level 3 spell: Mephitic Cloud
 85167 | Vaults:5 | Got the Notes on the Welkin and Wounds
 85181 | Vaults:5 | Reached skill level 15 in Shields
 85241 | Vaults:5 | Killed an ancient lich
 85479 | Vaults:5 | Identified the +8 sling of Wisdom {speed, rF+ Dex+3}
 86036 | Vaults:5 | Got Ycacag's Guide on Shifting Battling
 86322 | Vaults:5 | Got a silver rune of Zot
 86636 | Vaults:5 | Got Ylek Rie's Directory of the Throng
 86637 | Vaults:5 | Identified the +4 chain mail of Ru's Displeasure {Slay+2}
 86721 | Vaults:5 | Got the Encyclopedia of Galvanic Curses
 87240 | Zot:1    | Entered Level 1 of the Realm of Zot
 87697 | Zot:1    | Reached skill level 5 in Fire Magic
 87913 | Zot:1    | Noticed an orb of fire
 87921 | Zot:1    | Gained mutation: You have hidden genetic defects. [an orb
                  | of fire]
 87923 | Zot:1    | Killed an orb of fire
 87924 | Zot:1    | Reached skill level 10 in Necromancy
 87944 | Zot:1    | Reached skill level 1 in Ice Magic
 88161 | Depths:4 | Reached skill level 5 in Shapeshifting
 88244 | Depths:4 | Reached XP level 24. HP: 65/204 MP: 4/45
 89228 | Zot:1    | Lost mutation: You have hidden genetic defects. [potion of
                  | mutation]
 89228 | Zot:1    | Gained mutation: Your spells are a little easier to cast,
                  | but a little less powerful. [potion of mutation]
 89228 | Zot:1    | Gained mutation: You occasionally shout uncontrollably at
                  | your foes. [potion of mutation]
 91017 | Zot:2    | Noticed a Killer Klown
 91026 | Zot:2    | Killed a Killer Klown
 91289 | Zot:2    | Noticed Vv
 92536 | Zot:3    | Found the +4 dragonskin cloak
 92536 | Zot:3    | Noticed Tiamat
 92574 | Zot:2    | Killed Tiamat
 94840 | Zot:3    | Noticed a Killer Klown
 94845 | Zot:3    | Killed a Killer Klown
 95007 | Zot:3    | HP: 9/205 [disintegration (112)]
 95691 | Zot:3    | Identified the amulet "Ruclunt" {Regen+ Dex+4}
 95991 | Zot:3    | Noticed an orb of fire
 96259 | Zot:3    | Gained mutation: Your magical capacity is low. (-10% MP)
                  | [an orb of fire]
 96263 | Zot:3    | Gained mutation: You sometimes lose your temper in combat.
                  | [an orb of fire]
 96267 | Zot:3    | Killed an orb of fire
 96542 | Zot:3    | Lost mutation: Your spells are a little easier to cast, but
                  | a little less powerful. [potion of mutation]
 96542 | Zot:3    | Lost mutation: You occasionally shout uncontrollably at
                  | your foes. [potion of mutation]
 96542 | Zot:3    | Lost mutation: You sometimes lose your temper in combat.
                  | [potion of mutation]
 96542 | Zot:3    | Gained mutation: Potions are less effective at restoring
                  | your health. [potion of mutation]
 96543 | Zot:3    | Lost mutation: Your magical capacity is low. (-10% MP)
                  | [potion of mutation]
 96543 | Zot:3    | Lost mutation: Potions are less effective at restoring your
                  | health. [potion of mutation]
 96543 | Zot:3    | Gained mutation: Your health recovers twice as slowly from
                  | being drained. [potion of mutation]
 96669 | Zot:3    | Reached XP level 25. HP: 101/212 MP: 3/46
 97633 | Zot:4    | Noticed a Killer Klown
 97650 | Zot:3    | Killed a Killer Klown
 98266 | Zot:4    | Noticed a Killer Klown
 98273 | Zot:4    | Killed a Killer Klown
 98770 | Zot:4    | Noticed a Killer Klown
 98779 | Zot:3    | Reached skill level 15 in Conjurations
 98863 | Zot:4    | Killed a Killer Klown
 99403 | Zot:4    | Noticed an orb of fire
 99405 | Zot:4    | Noticed a Killer Klown
 99419 | Zot:4    | Gained mutation: You are frail. (-10% HP) [an orb of fire]
 99421 | Zot:4    | Gained mutation: You are weak. (Str -2) [an orb of fire]
 99426 | Zot:4    | Killed an orb of fire
 99941 | Zot:4    | Noticed a dread lich
100043 | Zot:3    | Killed a dread lich
100303 | Zot:4    | Killed a Killer Klown
100729 | Zot:4    | Noticed a Killer Klown
100999 | Zot:3    | Killed a Killer Klown
101333 | Zot:4    | Noticed a Killer Klown
101518 | Zot:4    | Killed a Killer Klown
101740 | Zot:5    | Entered Level 5 of the Realm of Zot
101761 | Zot:5    | Reached skill level 21 in Fighting
101814 | Zot:5    | Found a runed translucent door.
101814 | Zot:5    | Found a shimmering altar of Xom.
101814 | Zot:5    | Identified the +3 battleaxe of a treasure trove {chaos, rF+
                  | rCorr Dex+3}
101814 | Zot:5    | Noticed Iczier's ghost (legendary GnFE)
102737 | Zot:5    | Noticed an ancient lich
103046 | Zot:4    | Lost mutation: You are frail. (-10% HP) [potion of
                  | mutation]
103046 | Zot:4    | Lost mutation: Your health recovers twice as slowly from
                  | being drained. [potion of mutation]
103046 | Zot:4    | Gained mutation: You are very weak. (Str -4) [potion of
                  | mutation]
103046 | Zot:4    | Gained mutation: You are somewhat resistant to further
                  | mutation. [potion of mutation]
103171 | Zot:5    | Killed an ancient lich
103416 | Zot:5    | Noticed a dread lich
104157 | Zot:5    | Noticed a dread lich
104175 | Zot:4    | Killed a dread lich
104289 | Zot:5    | Killed a dread lich
104492 | Zot:5    | Noticed an ancient lich
104498 | Zot:5    | Killed an ancient lich
104622 | Zot:5    | Noticed an orb of fire
104632 | Zot:5    | Killed an orb of fire
104966 | Zot:5    | Noticed a Killer Klown
104984 | Zot:5    | Killed a Killer Klown
105267 | Zot:5    | Noticed an orb of fire
105272 | Zot:5    | Noticed a dread lich
105317 | Zot:5    | Killed an orb of fire
105318 | Zot:5    | Gained mutation: You can speak a Word of Chaos. [demonic
                  | ancestry]
105318 | Zot:5    | Reached XP level 26. HP: 190/222 MP: 28/47
105584 | Zot:5    | Killed a dread lich
105591 | Zot:5    | Noticed an ancient lich
105945 | Zot:5    | Noticed an ancient lich
105948 | Zot:5    | Killed an ancient lich
106097 | Zot:5    | Killed an ancient lich
107157 | Zot:5    | Killed Iczier's ghost
107525 | Zot:5    | Identified the +1 scale mail "Yptyakar" {rElec rN++ Int+2}
107567 | Zot:5    | Learned a level 8 spell: Maxwell's Capacitive Coupling
108353 | Zot:2    | Killed Vv
109129 | Lair:1   | Killed phunky83's ghost
109442 | Snake:4  | Killed Bai Suzhen
110367 | Vaults:4 | Identified the ring of Wigaefru {Fire *Corrode Will- Str+8
                  | Dex+3}
110393 | Vaults:4 | Identified the ring "Doodghui" {rElec rPois rC+ Int-4
                  | Slay-2}
110698 | Depths:2 | Killed Soesill's ghost
110699 | Depths:2 | Reached skill level 5 in Long Blades
110885 | Hell     | Entered the Vestibule of Hell
110885 | Hell     | Noticed Geryon
110895 | Depths:4 | Reached skill level 22 in Fighting
112527 | Depths:4 | Learned a level 4 spell: Iskenderun's Mystic Blast
112693 | Hell     | Killed Geryon
113176 | Hell     | Found a gateway to the Iron City of Dis.
113562 | Hell     | Found a gateway to the freezing wastes of Cocytus.
113777 | Hell     | Found a gateway to the decaying netherworld of Tartarus.
113952 | Hell     | Found a gateway to the ashen valley of Gehenna.
113990 | Geh:1    | Entered Level 1 of Gehenna
114153 | Geh:1    | You are sucked into a shaft and drop 1 floor!
114166 | Geh:2    | Reached XP level 27. HP: 174/188 MP: 25/48
114409 | Geh:2    | Noticed an ancient lich
114877 | Geh:2    | Killed an ancient lich
115464 | Slime:1  | Entered Level 1 of the Pits of Slime
116954 | Slime:1  | Reached skill level 5 in Ice Magic
118372 | Geh:4    | Killed from afar by a Brimstone Fiend

Illustrated notes

Levels and vault maps discovered:
D:1:      sevenhm_arrival_forest_fort_large_2, layout_basic, minmay_box_of_dots
D:2:      wad_pebble_path, layout_basic, shapermc_ecumenical_altar_venn,
          minmay_goblin_outpost
D:3:      layout_rooms, mainiacjoe_overflow_boulevard, serial_co_window_serial,
          co_window_of_opportunity_a, co_window_of_opportunity_a,
          co_window_of_opportunity_a, co_window_of_opportunity_a,
          co_window_corner_a, co_window_corner_ca, co_window_corner_cb,
          co_window_paths_c, co_window_unsneaky_path_b, co_window_corner_b,
          co_window_2corner, co_window_cross_2, nicolae_grassy_gnolls,
          uniq_crazy_yiuf_cottage
D:4:      layout_loops_corners, serial_shops, nicolae_shop_window_shopping,
          serial_undead, serial_undead_b, serial_undead_f, serial_undead_f,
          serial_undead_d, serial_undead_b, serial_undead_f, serial_undead_e
D:5:      layout_rooms, kennysheep_orc_sif_temple, kennysheep_generic_room_15
D:6:      layout_rooms, lemuel_doored_altar, tso_altar, nrook_loot_triangle,
          uniq_grinder, uniq_duvessa
D:7:      layout_loops_ring, lemuel_crystal_altar, nicolae_gozag_seed_capital,
          nicolae_dithmenos_shadow_blocks, minmay_temple_entry_proselytizer,
          gup_ossuary_entry_pyramid, serial_park_tiny_pond,
          kennysheep_generic_room_6
D:8:      layout_basic, lair_entry_dummy, serial_shops, shop
D:9:      layout_basic, uniq_grum, uniq_maurice
D:10:     layout_stronghold, led_xom_imps, mainiacjoe_overflow_surrounded_room
D:11:     layout_small_grid, erik_orc_1
D:12:     layout_cave_pods
D:13:     layout_roguey, nicolae_underground_beach
D:14:     layout_roguey, ximxim_vaults_locker_room,
          nicolae_ru_the_path_less_chosen, serial_demonic, serial_demonic_d,
          serial_demonic_e, serial_demonic_c, serial_demonic_d, uniq_roxanne,
          uniq_frances, uniq_rupert
D:15:     hellmonk_depths_entry_around_the_bend, layout_basic, zin_angel
Temple:   nicolae_temple_figure_eight
Lair:1:   lemuel_slime, layout_regular_city, maelrawn_ghost_gauntlet_escape,
          minivault_26
Lair:2:   layout_gridlike, minmay_snake_entry_six_corridors,
          eino_house_with_fridge, grunt_megastairs_3
Lair:3:   layout_loops_ring, alex1729_swamp_entry_worm_eleionoma,
          infiniplex_staircase_pool, grunt_megastairs_5, serial_bayou_shore_a
Lair:4:   minmay_guarded_unrand_snakebite, layout_loops_ring
Lair:5:   minmay_lair_end_enchanted_forest, layout_big_grid, slime_entry_1,
          uniq_snorg, uniq_josephine
Swamp:1:  layout_falls_marsh, nicolae_swamp_ascending_descending_big
Swamp:2:  layout_basic_swamp, evilmike_swamp_ruin_house_3,
          infiniplex_staircase_pool_2
Swamp:3:  layout_basic_swamp, nicolae_swamp_stuck_in_the_mud, swamp_pool_1_2
Swamp:4:  swamp, layout_basic_swamp, swamp_pool_1_2, beargit_kiku_chapel
Snake:1:  layout_layer_cave, special_room, minmay_shop_star, uniq_aizul,
          uniq_agnes
Snake:2:  layout_chambers, basic_altar
Snake:3:  layout_honeycomb
Snake:4:  snake_pit_salamanders_mu, layout_misc_corridors, uniq_bai_suzhen,
          uniq_mara, uniq_nikola, uniq_asterion
Slime:1:  layout_caves
Slime:2:  layout_caves
Slime:3:  nicolae_slime_pool, layout_caves,
          cheibrodos_slime_lost_civilization_6, uniq_donald
Orc:1:    layout_caves
Orc:2:    st_orc_mages, layout_caves, serial_shops, shop,
          nicolae_shop_advertising_works [nicolae_subvault_shop_adworks],
          dreamdust_deal_with_the_devil, uniq_azrael
Elf:1:    layout_loops_cross, serial_shops, nicolae_shop_behind_doors,
          evilmike_minifort, wad_floor_pattern_untrapped, st_stairs_6
Elf:2:    nicolae_elf_blades_crystal_corner, layout_loops_corners, serial_shops,
          nicolae_shop_gaudy_bauble, st_stairs_10
Elf:3:    minmay_elf_hall_four_x, layout_geoelf_castle, enter_trove_2,
          serial_shops, shop_statue, uniq_zenata
Vaults:1: gammafunk_ghost_necromancy, nicolae_vaults_closet_pinwheel_5,
          nicolae_vaults_offset_grid_hallway_3, ontoclasm_vaults_shuriken,
          nicolae_vaults_diffraction_hallways, hangedman_vaults_snaps,
          hangedman_vaults_slice, nicolae_vaults_variable_pillar_hall,
          hangedman_vaults_stagger, nicolae_vaults_closet_pinwheel_4,
          nicolae_vaults_doubleplus_tesselated,
          nicolae_vaults_trapezoid_lopsided_1, ontoclasm_vaults_gateway,
          layout_vaults_ring
Vaults:2: hangedman_surveillance_ring, v_pattern_3,
          nicolae_vaults_lightning_bolt, vaults_dpeg_hooks,
          hangedman_vaults_trim, nicolae_vaults_tangram_1,
          nicolae_vaults_tetromino_L_2, vaults_standard_mumra_x,
          ontoclasm_vaults_ring_square, nicolae_vaults_tetromino_Z_1,
          nicolae_vaults_diamond_1, nicolae_vaults_gold_heap,
          nicolae_vaults_diamond_1, nicolae_vaults_turnstiles,
          layout_vaults_maze
Vaults:3: vaults_room_pools, nicolae_vaults_statue_guard, v_misc_14,
          minmay_crypt_entry_simple_corners, v_misc_10, layout_vaults_omnigrid,
          serial_shops, shop
Vaults:4: nicolae_vaults_layer_cake_slice, nicolae_vaults_tetromino_L_1,
          nicolae_vaults_offset_grid_hallway_1, vaults_room_grid,
          vaults_mumra_chevron_long, nicolae_vaults_little_squares_3,
          gammafunk_dig_for_victory, ontoclasm_vaults_idyll,
          nicolae_vaults_trapezoid_3, v_misc_22, vaults_room_ringed_pool,
          nicolae_vaults_trapezoid_lopsided_1,
          nicolae_vaults_variable_pillar_hall, layout_vaults_big_cross
Vaults:5
Crypt:1:  layout_misc_corridors, basic_altar, ebering_ghost_gozag,
          grunt_megastairs_4, uniq_margery
Crypt:2:  layout_regular_city, uniq_josephina, uniq_khufu
Depths:1: layout_forbidden_donut, enter_ziggurat_e, pan_entry,
          nicolae_zig_zag_zippers, abyss_entry, hell_entry,
          nicolae_qazlal_style_of_elements, minmay_shop_grove
Depths:2: dreamdust_experimentation, layout_basic, minmay_room_of_horrors,
          grunt_pan_entry_spiral, serial_shops, nicolae_shop_tiny_glass,
          hell_entry, gammafunk_ghost_grave, kennysheep_path_1,
          serial_library_hellmonk_secret_room, nicolae_letterblocks
          [nicolae_letter_subblock, nicolae_letter_subblock,
          nicolae_letter_subblock, nicolae_letter_subblock,
          nicolae_letter_subblock, nicolae_letter_subblock,
          nicolae_letter_subblock, nicolae_letter_subblock,
          nicolae_letter_subblock, nicolae_letter_subblock,
          nicolae_letter_subblock, nicolae_letter_subblock,
          nicolae_letter_subblock, nicolae_letter_subblock,
          nicolae_letter_subblock, nicolae_letter_subblock,
          nicolae_letter_subblock, nicolae_letter_subblock,
          nicolae_letter_subblock, nicolae_letter_subblock,
          nicolae_letter_subblock, nicolae_letter_subblock,
          nicolae_letter_subblock, nicolae_letter_subblock,
          nicolae_letter_subblock]
Depths:3: wad_mega_maze, layout_basic, abyss_entry, grunt_decor_fettered,
          hell_entry, rand_demon_pan_entry_4, okawaru_trees_2
Depths:4: grunt_zot_entry_tricorne, layout_cave_shapes, grunt_mini_vestibule,
          abyss_entry, serial_bayou_shore_b
Hell
Geh:1:    layout_gehenna_lava_caves
Geh:2:    layout_gehenna_pools_basic
Geh:3:    hangedman_generic_boss_arena
Geh:4:    layout_gehenna_lava_caves
Zot:1:    layout_basic
Zot:2:    layout_cathedral_of_symmetry, hangedman_hellfire_club, uniq_vv
Zot:3:    hangedman_zot_vaults_quadrants, layout_onion_interference,
          regret_index_zotdec_onion_hex, uniq_tiamat
Zot:4:    ebering_klown_carousel, layout_basic, hangedman_zot_diagonal_lockstep
Zot:5:    layout_misc_corridors, ebering_ghost_xom

Skill      XL: |  1  2  3  4  5  6  7  8  9 10 11 12 13 14 15 16 17 18 19 20 21 22 23 24 25 26 27 |
---------------+----------------------------------------------------------------------------------+-----
Fighting       | 1 2 3 4 6 8 9 11 13 14 15 17 18 19 20 21 22 | 22.5
Earth Magic    | 3 4 5 6 7 8 9 10 11 12 13 14 15 16 17 18 19 | 19.3
Spellcasting   | 3 4 6 7 9 10 12 13 14 15 16 17 18 19 20 21 | 21.2
Armour         | 2 3 4 5 6 7 9 10 11 13 15 16 17 18 19 | 19.3
Conjurations   | 2 3 4 6 7 9 10 11 12 13 14 15 16 | 16.9
Shields        | 1 4 6 8 9 11 12 13 14 15 | 15.8
Maces & Flails | 2 5 6 |  6.0
Air Magic      | 2 3 |  3.0
Necromancy     | 4 6 7 9 10 11 12 | 12.0
Evocations     | 3 6 9 |  9.0
Dodging        | 3 |  3.0
Stealth        | 3 |  3.0
Shapeshifting  | 1 3 5 |  5.3
Fire Magic     | 1 5 6 |  6.0
Long Blades    | 1 3 4 6 7 |  7.0
Ice Magic      | 1 3 5 |  5.8

Action                     |  1- 3 |  4- 6 |  7- 9 | 10-12 | 13-15 | 16-18 | 19-21 | 22-24 | 25-27 || total
---------------------------+-------+-------+-------+-------+-------+-------+-------+-------+-------++-------
  Melee: Unarmed           |    18 |       |       |       |       |       |       |       |       ||    18
         Punch             |     1 |     1 |     3 |     4 |       |       |       |       |       ||     9
         Spear             |    46 |    12 |   250 |   155 |    22 |       |       |       |       ||   485
         Quarterstaff      |       |   100 |     2 |       |       |       |       |       |       ||   102
         Whip              |       |       |    49 |    65 |   420 |   298 |   332 |       |       ||  1164
         Short sword       |       |       |    17 |       |       |       |       |       |       ||    17
         Kick              |       |       |       |       |       |    82 |   333 |   251 |   236 ||   902
         Falchion          |       |       |       |       |       |       |   185 |   394 |   347 ||   926
  Throw: Dart              |       |     2 |       |       |       |       |       |       |       ||     2
   Cast: Sandblast         |    55 |    11 |    27 |    90 |    68 |    26 |     4 |       |       ||   281
         Stone Arrow       |       |     7 |   110 |   245 |   426 |    94 |    67 |   103 |    26 ||  1078
         Olgreb's Toxic Ra |       |       |       |       |    73 |     2 |     1 |       |       ||    76
         Passwall          |       |       |       |       |    10 |    11 |     3 |    18 |    31 ||    73
         Freezing Cloud    |       |       |       |       |    48 |   151 |   129 |   131 |    86 ||   545
         Bombard           |       |       |       |       |    44 |   129 |   189 |   206 |   126 ||   694
         Borgnjor's Vile C |       |       |       |       |       |   225 |   295 |   341 |   237 ||  1098
         Arcjolt           |       |       |       |       |       |    50 |    80 |    78 |    79 ||   287
         Lehudib's Crystal |       |       |       |       |       |       |       |    59 |   171 ||   230
         Lee's Rapid Decon |       |       |       |       |       |       |       |       |    20 ||    20
         Iskenderun's Myst |       |       |       |       |       |       |       |       |    24 ||    24
  Evoke: Wand              |       |       |     2 |     9 |    15 |     2 |    36 |    38 |    24 ||   126
         Condenser vane    |       |       |       |       |       |       |       |     2 |     1 ||     3
    Use: Scroll            |     4 |       |    10 |     9 |    10 |     6 |    10 |    18 |     9 ||    76
         Potion            |       |     1 |       |       |     1 |     1 |     1 |     5 |     4 ||    13
   Stab: Sleeping          |     1 |     1 |     7 |     1 |     2 |       |       |       |       ||    12
 Armour: Robe              |    53 |    15 |       |   332 |   553 |       |       |       |       ||   953
         Leather armour    |       |   114 |   265 |    61 |   285 |   376 |       |       |       ||  1101
         Scale mail        |       |       |       |       |       |   107 |   780 |   891 |   266 ||  2044
         Fire dragon scale |       |       |       |       |       |       |       |    73 |   561 ||   634
  Dodge: Dodged            |    64 |   106 |   232 |   283 |   405 |   206 |   241 |   287 |   154 ||  1978
  Block: Buckler           |       |       |       |     8 |   143 |       |       |       |       ||   151
         Kite shield       |       |       |       |       |   169 |   429 |   749 |   975 |   876 ||  3198
         Reflection        |       |       |       |       |       |    32 |    20 |    48 |    16 ||   116
         Form:             |       |       |       |       |       |       |     2 |       |       ||     2
         Statue            |       |       |       |       |       |       |     2 |       |       ||     2
